 Dungeon Crawl Stone Soup version 0.30-a0-972-gf3ab3527aa (webtiles) character file.

Game seed: 407780276341677937

14 tilp the Vexing (level 2, 0/21 HPs)
             Began as a Vampire Enchanter on Mar 31, 2023.
             Slain by a kobold
             ... wielding a +1 whip of distortion
              (5 damage)
             ... on level 1 of the Dungeon.
             The game lasted 00:00:56 (263 turns).

tilp the Vexing (Vampire Enchanter)                  Turns: 263, Time: 00:00:57

Health: 0/21       AC:  2    Str:  7    XL:     2   Next: 27%
Magic:  1/5        EV: 12    Int: 17    God:
Gold:   16         SH:  0    Dex: 14    Spells: 3/5 levels left

rFire   . . .      SeeInvis +    a - +1 dagger
rCold   . . .      Faith    .    (no shield)
rNeg    . . .      Spirit   .    b - +0 robe
rPois   .          Reflect  .    (no helmet)
rElec   .          Rampage  .    (no cloak)
rCorr   .                        (no gloves)
Will    .....                    (no boots)
Stlth   +++                      (no amulet)
HPRegen 0.43/turn                d - ring of wizardry
MPRegen 0.09/turn                (no ring)

@: very slightly contaminated, healing quickly
A: alive, fangs 3, see invisible, vampiric 1
a: Exsanguinate


You were on level 1 of the Dungeon.
You visited 1 branch of the dungeon, and saw 1 of its levels.

You collected 16 gold pieces.

Inventory:

Hand Weapons
 a - a +1 dagger (weapon)
Armour
 b - a +0 robe (worn)
Jewellery
 d - a ring of wizardry (left hand)
Potions
 c - 2 potions of invisibility


   Skills:
 * Level 1.0 Fighting
 + Level 1.2 Short Blades
 + Level 2.3 Dodging
 + Level 4.5 Stealth
 + Level 2.1 Spellcasting
 + Level 4.5 Hexes


You had 3 spell levels left.
You knew the following spells:

 Your Spells              Type           Power      Damage    Failure   Level
a - Ensorcelled Hibernat  Hex/Ice        18%        N/A       4%          2

Your spell library contained the following spells:

 Spells                   Type           Power      Damage    Failure   Level
 Confusing Touch          Hex            17%        N/A       3%          3
 Tukima's Dance           Hex            17%        N/A       3%          3
 Dazzling Flash           Conj/Hex       18%        N/A       9%          3


Dungeon Overview and Level Annotations

Branches:
Dungeon (1/15)

Altars:


Innate Abilities, Weirdness & Mutations

Your natural rate of healing is accelerated.
You have razor-sharp teeth.
You have supernaturally acute eyesight. (SInv)
You are afflicted with vampirism.


Message History

Casting: Ensorcelled Hibernation (safe; 4% risk of failure)
Confirm with . or Enter, or press ? or * to list all spells.
Aiming: Ensorcelled Hibernation (safe; 4% risk of failure)
Press: ? - help, Shift-Dir - straight line, f - kobold
Aim: a kobold, wielding a +0 whip (chance to affect: 61%)
You miscast Ensorcelled Hibernation.
You are very lightly contaminated with residual magic.
Nothing appears to happen.
Unknown command.
You completely miss the kobold.
A kobold comes into view. It is wielding a +1 whip of distortion.
The kobold hits you with a +0 whip.
Unknown command.
Casting: Ensorcelled Hibernation (safe; 4% risk of failure)
Confirm with . or Enter, or press ? or * to list all spells.
Aiming: Ensorcelled Hibernation (safe; 4% risk of failure)
Press: ? - help, Shift-Dir - straight line, f/p - kobold
Aim: a kobold, wielding a +0 whip (chance to affect: 61%)
The kobold looks drowsy...
The kobold shouts!
You hear a shout!
You hear an angry hiss.
Unknown command.
The helpless kobold fails to defend itself.
You puncture the kobold!
You kill the kobold!
Your Fighting skill increases to level 1!
A giant cockroach and a rat come into view.
The kobold hits you with a +1 whip of distortion.
Space warps around you.
Things that are here:
a +0 whip; a kobold corpse
Casting: Ensorcelled Hibernation (safe; 4% risk of failure)
Confirm with . or Enter, or press ? or * to list all spells.
You don't have enough magic to cast this spell.
Unknown command.
Unknown command.
The kobold attacks as you move away!
The kobold hits you with a +1 whip of distortion.
* * * LOW HITPOINT WARNING * * *
Space warps around you.
You die...

#. #.# #.#
#.# #.# #.#
##.#####.###B
#....@K.....r
#.[#####.##..
#......#
#.####.# #.#
#.# #†# #.#
#.#


You could see a giant cockroach (wandering), a kobold and a rat (wandering).

Vanquished Creatures
  An endoplasm (D:1)
  A hobgoblin (D:1)
  4 jackals (D:1)
  3 kobolds (D:1)
  3 bats (D:1)
  A rat (D:1)
13 creatures vanquished.

Notes
Turn   | Place    | Note
-------+----------+-------------------------------------------
     0 | D:1      | tilp the Vampire Enchanter began the quest for the Orb.
     0 | D:1      | Reached XP level 1. HP: 13/13 MP: 3/3
    90 | D:1      | Reached XP level 2. HP: 17/20 MP: 5/5
    96 | D:1      | Learned a level 2 spell: Ensorcelled Hibernation
   262 | D:1      | Reached skill level 1 in Fighting
   263 | D:1      | Slain by a kobold

Illustrated notes

Levels and vault maps discovered:
D:1:      dpeg_arrival_windows_large_door, layout_loops_ring,
          ebering_ecumenical_altar_abandoned

Skill      XL: |  1  2 |
---------------+-------+-----
Fighting       | 1 |  1.0
Short Blades   | |  1.2
Dodging        | |  2.3
Stealth        | |  4.5
Spellcasting   | |  2.1
Hexes          | |  4.5

Action                     || total
---------------------------++-------
  Melee: Dagger            ||    47
         Bite              ||     2
   Cast: Ensorcelled Hiber ||     4
   Stab: Sleeping          ||     4
 Armour: Robe              ||    10
  Dodge: Dodged            ||    35

Table legend: (Time is in decaauts)
 A = Elapsed time spent in this place.
 B = Non-inter-level travel time spent in this place.
 C = Inter-level travel time spent in this place.
 D = Time resting spent in this place.
 E = Time spent auto-exploring this place.
 F = Levels seen in this place.
 G = Mean time per level.
                   A        B        C        D        E       F      G
               +--------+--------+--------+--------+--------+-----+--------+
         Total |    260 |    260 |      0 |      0 |    165 |   1 |  260.0 |
       Dungeon |    260 |    260 |      0 |      0 |    165 |   1 |  260.0 |
               +--------+--------+--------+--------+--------+-----+--------+

Top non-repeatable levels by time:
     D:1: 260 daAuts
